 Dungeon Crawl Stone Soup version 0.21-a0-509-gecc5317 (webtiles) character file.

725 Dawnplanks the Cudgeler (level 7, -2/71 HPs)
             Began as a Troll Chaos Knight on Nov 30, 2017.
             Slain by Menkaure (15 damage)
             ... on level 5 of the Dungeon.
             The game lasted 00:13:08 (3250 turns).

Dawnplanks the Cudgeler (Troll Chaos Knight)        Turns: 3250, Time: 00:13:09

Health: -2/71      AC: 17    Str: 23    XL:     7   Next: 43%
Magic:  6/6        EV: 11    Int:  8    God:    Xom [.*....]
Gold:   183        SH:  4    Dex:  9    Spells: 6/6 levels left

rFire    . . .     SeeInvis .   y - +3 flail (protect)
rCold    . . .     Gourm    +   (no shield)
rNeg     . . .     Faith    .   b - +2 robe
rPois    .         Spirit   .   (helmet restricted)
rElec    .         Reflect  .   o - +2 cloak
rCorr    .         Harm     .   (gloves unavailable)
MR       .....     Rnd*Tele +   (boots unavailable)
Stlth    ++........             (no amulet)
HPRegen  0.61/turn              p - ring of teleportation (curse)
MPRegen  0.10/turn              s - ring of stealth

@: protection aura
A: large, unfitting armour, antennae 1, claws 3, large bone plates 1, fast
metabolism 3, gourmand, regeneration 1, shaggy fur 1, tough skin 2
a: Renounce Religion


You were on level 5 of the Dungeon.
You worshipped Xom.
You were a plaything of Xom.
You were not hungry.

You visited 1 branch of the dungeon, and saw 5 of its levels.

You collected 183 gold pieces.

Inventory:

Hand Weapons
 a - a +0 mace of chaos
 v - a +0 arbalest
 y - a +3 flail of protection (weapon)
 A - the +0 hand axe "Dragonslayer" {holy, +Rage rN+ MR+}
   (You found it on level 5 of the Dungeon)

   It has been blessed by the Shining One to cause great damage to the undead
   and demons.
   It protects you from negative energy.
   It affects your resistance to hostile enchantments.
   It lets you go berserk.
Armour
 b - a +2 robe (worn)
 o - a +2 cloak (worn)
Jewellery
 p - a cursed ring of teleportation (left claw)
 s - a ring of stealth (right claw)
Wands
 q - a wand of acid (13)
 B - a wand of random effects (26)
Scrolls
 g - 3 scrolls of teleportation {unknown}
 h - 8 scrolls of identify {unknown}
 j - a scroll of blinking {unknown}
 k - a scroll of magic mapping {unknown}
 m - a scroll of fog {unknown}
 n - a scroll of remove curse {unknown}
 r - a scroll of fear {unknown}
 w - a scroll of random uselessness {unknown}
 x - 2 scrolls of enchant weapon {unknown}
Potions
 d - 2 potions of curing {unknown}
 e - a potion of haste {unknown}
 f - a potion of resistance {unknown}
 i - a potion of might {unknown}
 l - a potion of heal wounds {unknown}
 u - a potion of lignification {unknown}
 z - a potion of agility {unknown}
Comestibles
 c - 5 bread rations
 t - a fruit


   Skills:
 + Level 4.6 Fighting
 + Level 5.1 Maces & Flails
 + Level 4.3 Dodging


You had 6 spell levels left.
You didn't know any spells.

Dungeon Overview and Level Annotations

Branches:
Dungeon (5/15)             Temple (0/1) D:4

Altars:
Ashenzari
Cheibriados
Dithmenos
Okawaru
Qazlal
Vehumet

Shops:
D:4 *

Annotations:
D:5 Menkaure


Innate Abilities, Weirdness & Mutations

You are too large for most types of armour.
You have claws for hands.
Your metabolism is lightning-fast.
You like to eat raw meat.
Your natural rate of healing is unusually fast.
You are covered in fur. (AC +1)
You have very tough skin. (AC +2)
You have a pair of small antennae on your head.
You are partially covered in large bone plates. (SH +4)


Message History

Menkaure hits you.
You hit Menkaure.
Menkaure is severely damaged.
Menkaure calls on the powers of darkness!
Your body is wracked with pain!
* * * LOW HITPOINT WARNING * * *
You block Menkaure's attack.
You are too injured to fight recklessly!
You hit Menkaure.
Menkaure is almost destroyed.
Menkaure gestures at you while chanting.
Pain shoots through your body!
* * * LOW HITPOINT WARNING * * *
You completely miss Menkaure.
Menkaure is almost destroyed.
You block Menkaure's attack.
You hit Menkaure but do no damage.
Menkaure is almost destroyed.
Menkaure closely misses you. Menkaure hits you!
You die...

.........#
#.#.............
.........#
#..(............
.........#
#####...........
.........## #...........
..........# ##..........
..........## #..........
.....#....# ##.........
....####..###..###..^.....
...# #.@?.....##...##...
.## ##M......###..#####
......... #... .......(..
##... ........... ....
............ ..##
............. ..
..............


You could see Menkaure.

Vanquished Creatures
  Edmund (D:4)
  2 ogres
  A howler monkey (D:5)
  A crimson imp (D:5)
  A bullfrog zombie (D:5)
  A hound (D:4)
  A bullfrog skeleton (D:4)
  An orc wizard (D:4)
  A centaur skeleton (D:5)
  An iguana (D:2)
  A hound skeleton (D:4)
  6 adders
  A gnoll (D:5)
  A howler monkey skeleton (D:5)
  An adder skeleton (D:4)
  4 worms
  3 dart slugs
  A leopard gecko (D:2)
  5 orcs
  2 ball pythons
  9 bats
  2 giant cockroaches
  13 goblins
  5 hobgoblins
  4 quokkas
  8 frilled lizards
  7 kobolds
  A leopard gecko skeleton (D:5)
  A quokka zombie (D:5)
  6 rats
92 creatures vanquished.

Vanquished Creatures (collateral kills)
  A goblin (D:3)
  A frilled lizard (D:3)
2 creatures vanquished.

Grand Total: 94 creatures vanquished

Notes
Turn   | Place    | Note
-------+----------+-------------------------------------------
     0 | D:1      | Dawnplanks the Troll Chaos Knight began the quest for the Orb.
     0 | D:1      | Reached XP level 1. HP: 22/22 MP: 0/0
    73 | D:1      | XOM: harmless Tloc miscast
   145 | D:1      | Reached XP level 2. HP: 29/29 MP: 1/1
   149 | D:1      | XOM: divination: detect creatures
   230 | D:1      | Reached skill level 3 in Maces & Flails
   394 | D:1      | Reached XP level 3. HP: 36/36 MP: 2/2
   402 | D:1      | XOM: polymorph something unseen -> orc
   989 | D:2      | Reached XP level 4. HP: 39/45 MP: 3/3
  1031 | D:2      | Found a snail-covered altar of Cheibriados.
  1333 | D:2      | Found a radiant altar of Vehumet.
  1344 | D:2      | XOM is BORED!
  1344 | D:2      | XOM: medium Hex miscast
  1510 | D:2      | XOM: 2-stop teleportation journey
  1557 | D:3      | XOM: summons friendly iron imp
  1583 | D:3      | Found a stormy altar of Qazlal.
  1614 | D:3      | Reached XP level 5. HP: 53/53 MP: 4/4
  1808 | D:3      | Found a shadowy altar of Dithmenos.
  1808 | D:3      | Noticed an ogre
  1825 | D:3      | XOM: butterfly on damage
  1830 | D:3      | Killed an ogre
  1830 | D:3      | Reached skill level 4 in Maces & Flails
  1858 | D:3      | XOM: god gift: arbalest {god gift}
  1913 | D:3      | XOM: 1-stop teleportation journey
  2070 | D:3      | XOM: medium Erth miscast
  2233 | D:4      | Noticed Edmund
  2252 | D:4      | Killed Edmund
  2252 | D:4      | Reached XP level 6. HP: 37/62 MP: 5/5
  2413 | D:4      | Found an iron altar of Okawaru.
  2553 | D:4      | XOM: give mutations
  2553 | D:4      | Gained mutation: You have a pair of small antennae on your head. [Xom's grace]
  2553 | D:4      | Gained mutation: You are partially covered in large bone plates. (SH +4) [Xom's grace]
  2631 | D:4      | Found a staircase to the Ecumenical Temple.
  2703 | D:4      | Found Socrulee's Assorted Antiques.
  2962 | D:5      | Entered Level 5 of the Dungeon
  2971 | D:5      | Reached XP level 7. HP: 71/71 MP: 6/6
  3010 | D:5      | Found a shattered altar of Ashenzari.
  3033 | D:5      | Reached skill level 5 in Maces & Flails
  3097 | D:5      | Got a bloodstained hand axe
  3098 | D:5      | Identified the +0 hand axe "Dragonslayer" {holy, +Rage rN+ MR+} (You found it on level 5 of the Dungeon)
  3239 | D:5      | Noticed Menkaure
  3250 | D:5      | Slain by Menkaure

Vault maps used:
D:1:      dpeg_arrival_castle
D:2:      fiery_altar_vehumet, nicolae_overflow_crystal_walls, zin_treasury,
          minmay_misc_feat_rows, grunt_decor_fettered
D:3:      nicolae_dithmenos_shadow_blocks, nicolae_qazlal_general_emergency
D:4:      lemuel_round_altar, minmay_temple_entry_nine_rooms, serial_shops,
          nicolae_shop_crystal, first_bread, hex_tiny, lightli_corner_chamber,
          uniq_edmund
D:5:      cheibrodos_iron_armory, kennysheep_mini_moat, st_stairs_14,
          uniq_menkaure

Skill      XL: |  1  2  3  4  5  6  7 |
---------------+----------------------+-----
Dodging        | 2 3 4 |  4.3
Maces & Flails | 3 4 5 |  5.1
Fighting       | 3 4 |  4.6

Action                   |  1- 3 |  4- 6 |  7- 9 || total
-------------------------+-------+-------+-------++-------
Melee: Mace              |   102 |   122 |       ||   224
       Flail             |       |    52 |    42 ||    94
 Stab: Paralysed         |     2 |       |       ||     2
       Sleeping          |       |     2 |       ||     2
       Confused          |       |     2 |       ||     2
  Eat: Chunk             |     7 |    22 |     2 ||    31
Armor: Robe              |    52 |    83 |    13 ||   148
Dodge: Dodged            |    63 |   102 |    17 ||   182
Block: Other             |       |    11 |     7 ||    18

Table legend:
 A = Spawn XP
 B = Non-spawn XP
 C = Spawn XP percentage of total XP
 D = Spawn monster count
 E = Non-spawn monster count
 F = Spawn count percentage of total count
 G = Total turns spent on level
                    A         B        C        D         E        F      G
               +---------+---------+-------+---------+---------+-------+---------
         Total |       0 |    1037 |   0.0 |       0 |      94 |   0.0 |  3250
               +---------+---------+-------+---------+---------+-------+---------
           D:1 |       0 |      50 |   0.0 |       0 |      28 |   0.0 |   837
           D:2 |       0 |     115 |   0.0 |       0 |      22 |   0.0 |   712
           D:3 |       0 |     186 |   0.0 |       0 |      21 |   0.0 |   684
           D:4 |       0 |     321 |   0.0 |       0 |      10 |   0.0 |   729
           D:5 |       0 |     365 |   0.0 |       0 |      13 |   0.0 |   288
               +---------+---------+-------+---------+---------+-------+---------
